[Event "EIBCC 2024"]
[Site "Skopje"]
[Date "2024.12.09"]
[Round "3.1"]
[White "Sarana, Alexey"]
[Black "Zajic, Milan"]
[Result "1-0"]
[Annotator "TA"]
[ECO "E54"]
[WhiteElo "2674"]
[BlackElo "2392"]
[PlyCount "121"]
[EventDate "2024.12.07"]
[EventCountry "MKD"]
[SourceTitle "playchess.com"]
[Source "ChessBase"]
[SourceQuality "1"]
[TimeControl "180+2"]

1. d4 Nf6 2. c4 e6 3. Nc3 Bb4 4. Nf3 O-O 5. e3 d5 6. Bd3 dxc4 7. Bxc4 c5 8. O-O cxd4 9. exd4 b6 10. Qe2 Bb7 11. Rd1 h6 {[%emt 0:00:08] 11...h6 is the modern continuation. E54: Nimzo-Indian: Rubinstein: Main Line: 7...dxc4 8 Bxc4.} 12. h3 $5 {[%emt 0:00:02][%mdl 4] Leaves trodden paths.} Nc6 $146 ({Predecessor:} 12... Re8 13. Bf4 Nd5 14. Bd2 Nc6 15. Bd3 Nf6 16. a3 Bf8 17. Rac1 Rc8 18. Bb5 Bd6 19. Be3 {0-1 Sambuev,B (2433)-Rodrigue Lemieux,S (2451) CAN-ch Toronto 2023 (7)}) 13. d5 exd5 14. Nxd5 Nxd5 15. Bxd5 Qf6 16. Be3 Rfe8 17. Qb5 Bf8 18. Rd2 Rad8 19. Rad1 Rd6 {[%emt 0:00:01] [#]} 20. Bxf7+ $2 (20. Qa4 $1 $11) 20... Kxf7 $19 21. Rxd6 Bxd6 22. Qh5+ Kf8 23. Nh4 Re6 24. Nf5 Kg8 25. Qg4 $2 (25. Nxd6 Rxd6 26. Rxd6 Qxd6 27. Qe2) 25... Kh7 $2 (25... Ne5 $19 26. Qh5 Bf8) 26. Nh4 $2 (26. Nxg7 $1 $11 Re7 27. Nh5) 26... Bc8 27. Qc4 Bc5 28. Bxc5 bxc5 29. Qc2+ g6 30. Nf3 Rd6 31. Re1 Bf5 (31... Rd5 $19 {Strongly threatening ...Be6.} 32. Qe4 Qf7) 32. Qxc5 $17 Re6 (32... a5 $19 33. a3 a4) 33. Rd1 (33. Rxe6 $15 Qxe6 34. b4) 33... Ne5 $2 (33... Bxh3 $19 {And now ...Bg4 would win.} 34. Rd7+ Kh8) 34. Nxe5 $15 Rxe5 ({Don't play} 34... Qxe5 35. Rd7+ Kg8 36. Rd8+ Kh7 37. Rd7+ Kg8 38. Rd8+ Kh7 39. Rd7+ $11) 35. Qxa7+ Re7 36. Qa3 Rb7 37. b3 h5 38. Qc5 Qb6 39. Qe5 Ra7 40. Rd2 Qa5 41. Qe3 Qa6 42. Qf4 (42. a4 $11) 42... Re7 43. Kh2 Qe6 44. a4 (44. b4 $11 {remains equal.}) 44... Qe5 ({Black should play} 44... Qxb3 $17 45. Rd4 Qb6) 45. Qxe5 $11 Rxe5 46. b4 Re4 47. Rb2 Bd7 48. f3 Rc4 49. a5 Bb5 50. Kg3 h4+ 51. Kf2 Rc3 52. Rd2 Rb3 53. Rd4 g5 54. Rd5 Rxb4 55. Rxg5 Kh6 56. Rg4 Rxg4 57. fxg4 Kg5 58. g3 Ba6 59. gxh4+ Kxh4 60. Ke3 Bc8 $2 (60... Bc4 $11) 61. Ke4 $2 (61. Kf4 $18 Ba6 62. Kf5) 1-0

[Event "EIBCC 2024"]
[Site "Skopje"]
[Date "2024.12.09"]
[Round "3.2"]
[White "Fedoseev, Vladimir"]
[Black "Costachi, Mihnea"]
[Result "1-0"]
[Annotator "TA"]
[ECO "C50"]
[WhiteElo "2709"]
[BlackElo "2464"]
[PlyCount "99"]
[EventDate "2024.12.07"]
[EventCountry "MKD"]
[SourceTitle "playchess.com"]
[Source "ChessBase"]
[SourceQuality "1"]
[TimeControl "180+2"]

1. e4 e5 2. Nf3 Nc6 3. Bc4 Bc5 4. O-O d6 5. c3 Nf6 6. d4 Bb6 7. Re1 h6 8. a4 a6 {[%emt 0:00:11] The position is equal.} 9. Be3 Ng4 10. Nbd2 O-O 11. Nf1 Qf6 12. dxe5 Ncxe5 13. Bxb6 {[%emt 0:00:00] Hoping for Nxe5.} Nxc4 14. Bd4 (14. Bxc7 $5 Qe7 15. b3 $11) 14... Qg6 15. Qe2 Nce5 16. N3d2 c5 (16... Nc6 $11) 17. Bxe5 $16 Nxe5 18. f4 Nc6 19. Nc4 $36 {[%emt 0:00:01][%mdl 2048] White has strong initiative.} Bg4 (19... Rd8 $16 20. Nb6 Rb8) 20. Qd3 Rad8 21. f5 $1 Qg5 22. h3 (22. Nxd6 Qf4 23. e5 Nxe5 $11) 22... d5 23. exd5 Bxf5 24. Qf3 Ne7 {[%emt 0:00:19] [#]} (24... Nb8 $16 25. Re5 Qh4 26. Rxf5 Qxc4) 25. Rxe7 $1 Qxe7 26. Qxf5 Qe2 27. b3 {[%emt 0:00:25] Ng3 is the strong threat.} Rfe8 $2 (27... b5 28. Ncd2 (28. Ng3 Qe7 $11) 28... g6) 28. a5 $18 g6 {[%emt 0:00:01] [#]} 29. Qf4 {[%emt 0:00:06] And now Nfe3 would win.} Rxd5 {[%emt 0:00:02] [#]} 30. Nfe3 {[%emt 0:00:00] Repels Rf5} (30. Qxh6 Rd1 31. Rxd1 Qxd1 $16) 30... Rg5 (30... Rxe3 $142 31. Nxe3 (31. Qxe3 Qxe3+ 32. Nxe3 Rd3 $18) 31... Rd3) 31. Ng4 {[%emt 0:00:02] A dynamic duo of knights.} Kg7 (31... Rxg4 $142 32. hxg4 (32. Qxg4 Qd3 $18) 32... Qe6) 32. Qf6+ Kf8 33. Qh8+ (33. Nxh6 $2 Qxg2#) (33. Nd6 $142 Qe6 34. Qh8+ (34. Nxb7 Rd5 $18) 34... Ke7 35. Qxe8+ Kxd6 36. Qd8+ (36. Rd1+ Rd5 37. Qd8+ Kc6 38. Qb6+ Kd7 39. Rxd5+ Qxd5 40. Nf6+ Kc8 41. Nxd5 Kd7) 36... Kc6 37. Qb6+ (37. Nxh6 Rxg2+ 38. Kxg2 Qe2+ 39. Kg3 Qe3+ 40. Kg4 f5+ 41. Nxf5 gxf5+ 42. Kxf5 Qxh3+ 43. Kg6 Qg4+ 44. Qg5 Qe2 $18) 37... Kd7 38. Rd1+ (38. Qxb7+ Kd6 $18) 38... Rd5 39. Rxd5+ (39. Qxb7+ Kd6 $18) 39... Qxd5 40. Nf6+ (40. Nxh6 Qe6 $18) 40... Ke7 41. Nxd5+ Kd7 42. c4 (42. Qxb7+ Ke6 43. c4 Kf5 44. Qxf7+ Ke4 45. Qf3+ Ke5 46. Qe3+ Kd6 47. Qe7+ Kc6 48. Qc7#) 42... h5 43. Qf6 (43. Qxb7+ Ke6 44. g4 hxg4 45. hxg4 Ke5 46. Qe7+ Kd4 47. Qe3#) 43... Kc8 44. Qd6 h4 45. Ne7#) 33... Ke7 34. Qxh6 Rf5 35. Qe3+ Kf8 36. Qxe2 Rxe2 37. Rd1 {[%emt 0:00:01] Against Rd5} Rc2 (37... Rh5 {was worth a try.} 38. Rd7 Re7 39. Rd8+ Kg7) 38. Nge3 {[%emt 0:00:01][%csl LRc2,LRf5] White is clearly winning.} Rxc3 39. Nxf5 gxf5 {[%emt 0:00:00][%mdl 4096] Endgame. KRN-KR} 40. Rb1 Ke7 41. Kf2 Kf6 42. Nd6 Rc2+ 43. Kf1 Ke5 44. Nxb7 Kd4 45. Nd6 f4 46. Re1 {[%emt 0:00:03] Prevents f3.} Rb2 47. Rd1+ Kc3 48. Ne4+ Kxb3 49. Nxc5+ Kc4 50. Nxa6 {[%emt 0:00:03] Weighted Error Value: White=0.50/Black=0.61.  Mistake:       	---       	Black=7      Inaccurate:     	White=3     	Black=2      OK:         	White=21    	Black=12     Best:        	White=4     	---        Strong:       	White=1     	---} 1-0

[Event "EIBCC 2024"]
[Site "Skopje"]
[Date "2024.12.09"]
[Round "3.3"]
[White "Dragnev, Valentin"]
[Black "Korobov, Anton"]
[Result "0-1"]
[Annotator "TA"]
[ECO "C03"]
[WhiteElo "2563"]
[BlackElo "2629"]
[PlyCount "80"]
[EventDate "2024.12.07"]
[EventCountry "MKD"]
[SourceTitle "playchess.com"]
[Source "ChessBase"]
[SourceQuality "1"]
[TimeControl "180+2"]

1. e4 e6 2. d4 d5 3. Nd2 h6 4. Ngf3 Nf6 5. e5 Nfd7 6. c3 c5 7. a3 a5 8. Bb5 {[%emt 0:00:12] The position is equal.} Nc6 9. O-O Qb6 10. Qa4 Be7 11. Rd1 O-O 12. Nf1 c4 13. b3 cxb3 {[%emt 0:00:03][%cal Oc6a7] ...Na7! would now be deadly.} 14. Rb1 f5 (14... Rd8 $11) 15. Qxb3 (15. Be2 $14) 15... Na7 $11 16. a4 (16. Bxd7 $11 {remains equal.} Qxb3 17. Rxb3 Bxd7 18. Rxb7) 16... Nxb5 $17 17. axb5 Qc7 18. Ba3 Nb6 19. Bxe7 Qxe7 20. N1d2 a4 21. Qa2 Bd7 22. Ne1 Rfc8 23. Rdc1 Ra5 (23... Be8 $17 24. Nd3 Ra5) 24. Nd3 ({Better is} 24. Nb3 $1 $15 Rxb5 (24... axb3 25. Qxa5 Nc4 26. Qb4 $11) 25. Nc5) 24... Rxb5 ({Black should play} 24... Bxb5 $19 25. Nf4 Nc4) 25. Nc5 $15 Rcxc5 26. dxc5 Qxc5 27. Rxb5 (27. Nf3 $1 $11) 27... Bxb5 $17 (27... Qxb5 28. Rb1 Qc5 29. Qb2 $18) 28. Rb1 Bc6 29. Nf3 (29. Rc1 $142) 29... Qxc3 $1 30. h4 (30. Qa1 $17 Qxa1 31. Rxa1) 30... Nc4 $19 {[%emt 0:00:02][%cal Od5d4] [#] Strongly threatening ...d4!} 31. h5 $2 (31. Qa1 Qxa1 32. Rxa1) 31... a3 {[%emt 0:00:02][%cal Od5d4] aiming for ...d4!} 32. Qe2 $2 (32. Qa1 Nb2 (32... Qxa1 $2 33. Rxa1 b5 34. Nd4 $17) 33. Rc1) 32... d4 33. Ne1 Be4 34. Rd1 Nb2 35. Ra1 d3 36. Qe3 Nc4 {[%emt 0:00:02] Black mates.} 37. Qc5 Qxa1 38. Qc8+ Kh7 39. Qxe6 Qxe1+ 40. Kh2 {[%emt 0:00:00] [#]} Nxe5 $1 {[%emt 0:00:02] Weighted Error Value: White=0.78/Black=0.20 (precise) .  Mistake:       	White=8     	Black=3      Inaccurate:     	White=2     	Black=2      OK:         	White=5     	Black=11     Best:        	White=1     	Black=3      Strong:       	---       	Black=1} 0-1

[Event "EIBCC 2024"]
[Site "Skopje"]
[Date "2024.12.09"]
[Round "3.4"]
[White "Papasimakopoulos, Alexandros"]
[Black "Deac, Bogdan-Daniel"]
[Result "1/2-1/2"]
[Annotator "TA"]
[ECO "E23"]
[WhiteElo "2379"]
[BlackElo "2696"]
[PlyCount "110"]
[EventDate "2024.12.07"]
[EventCountry "MKD"]
[SourceTitle "playchess.com"]
[Source "ChessBase"]
[SourceQuality "1"]
[TimeControl "180+2"]

1. d4 Nf6 2. c4 e6 3. Nc3 Bb4 4. Qb3 c5 5. dxc5 Bxc5 6. Nf3 Nc6 7. Bg5 Be7 {[%emt 0:00:09] E23: Nimzo-Indian: 4 Qb3 c5 5 dxc5 Nc6.} 8. e3 h6 9. Bh4 b6 10. Be2 Bb7 11. O-O (11. Rd1 $142) 11... O-O (11... g5 $5 12. Bg3 $8 Nh5 $11) 12. Rfd1 Rc8 13. Qa4 a6 14. Rd2 Qc7 15. Rad1 $146 ({Predecessor:} 15. Qd1 Rfd8 16. Nd5 exd5 17. cxd5 Nxd5 18. Rxd5 Bxh4 19. Nxh4 d6 20. Rc1 Qe7 21. Nf5 {1-0 Suttor,V (2128)-De Noskowski,A Australian op 2006 (1)}) 15... Rfd8 16. Rc1 (16. Bxf6 $14 Bxf6 17. Ne4) 16... Qb8 (16... Na5 {with more complications.} 17. Rd4 d5 18. cxd5 e5) 17. Qd1 d6 18. Bg3 Nh5 19. Bh4 Bxh4 20. Nxh4 Nf6 21. Nf3 Ne7 22. Nd4 Qa8 23. Qf1 Rc7 24. Rcd1 Rdc8 25. h3 d5 26. cxd5 Nexd5 27. Nxd5 Nxd5 28. Bf3 Nf6 29. Bxb7 Qxb7 30. Nf3 g6 31. Rd8+ Kg7 32. Rxc8 Qxc8 33. Qd3 b5 34. a3 Rc2 35. Qd4 Rc4 36. Qd6 Rc6 37. Qd4 Rc4 38. Qd6 Rc6 39. Qd4 Qc7 40. Ne5 Rc1 41. Rxc1 Qxc1+ 42. Kh2 Qc7 $1 43. f4 Kh7 44. b3 Nd5 45. Ng4 h5 46. Nf6+ Nxf6 47. Qxf6 Kg8 48. Qd4 Qe7 49. a4 bxa4 50. bxa4 Qc7 51. Kg3 a5 52. Kh2 Kh7 53. Kg3 Kg8 54. Kf2 Qb8 55. Kg3 Qc7 1/2-1/2

[Event "EIBCC 2024"]
[Site "Skopje"]
[Date "2024.12.09"]
[Round "3.5"]
[White "Mamedov, Rauf"]
[Black "Boyer, Mahel"]
[Result "1-0"]
[Annotator "TA"]
[ECO "B00"]
[WhiteElo "2656"]
[BlackElo "2526"]
[PlyCount "57"]
[EventDate "2024.12.07"]
[EventCountry "MKD"]
[SourceTitle "playchess.com"]
[Source "ChessBase"]
[SourceQuality "1"]
[TimeControl "180+2"]

1. e4 Nc6 2. Nf3 d5 3. exd5 Qxd5 4. Nc3 Qh5 5. Nb5 Kd8 6. d4 {[%emt 0:00:10] And now d5 would win.} Bg4 7. Bf4 a6 {[%emt 0:00:01] [#]} 8. Nc3 (8. Nxc7 $6 Rc8 $11) (8. Bxc7+ Kc8 9. d5 axb5 $11) ({White should play} 8. d5 $1 $16 Bxf3 9. gxf3) 8... Bxf3 $14 9. gxf3 Nf6 10. d5 (10. Rg1 $16) 10... Ne5 (10... Nb4 $14 11. a3 Qf5 12. Bxc7+ Kxc7 13. axb4 e6) 11. Be2 $16 g6 12. Bg3 {[%emt 0:00:06] [#] Hoping for f4.} Qf5 13. f4 $36 {[%emt 0:01:07][%mdl 2048] White has the initiative.} Ned7 14. Qd4 Bg7 15. O-O-O Kc8 (15... Ne8 $1 $11 {keeps the balance.} 16. Qb4 Nd6) 16. Rhe1 {[%emt 0:00:02] Threatens to win with Bd3. White is more active.} Nh5 (16... Ne8 $14 17. Qe3 Nd6) 17. Qb4 {[%emt 0:00:04] Black must now prevent Bxh5.} a5 (17... Nxg3 $16 18. fxg3 (18. hxg3 Bxc3 19. bxc3 Qf6 $16) 18... Bxc3 19. bxc3 (19. Qxc3 Qf6 $16) 19... Qf6) 18. Qxe7 $18 {[%emt 0:00:16][%cal Oe2g4] Strongly threatening Bg4!} Bf6 19. Qe3 ({Don't take} 19. Qxf7 Nxf4 20. Kb1 Ne5 $18) 19... Nb6 $2 (19... Bd8 20. Bxh5 gxh5) 20. d6 Nd7 21. dxc7 a4 22. Nb5 Ra6 23. Bg4 {[%emt 0:00:20] White threatens Qe8+ and mate.} Qxb5 24. Bxd7+ Qxd7 25. Rxd7 Kxd7 26. f5 Rc6 (26... Nxg3 $18 27. hxg3 (27. fxg3 Rc6 $18) 27... Rc6 28. Rd1+ Kxc7 29. Qf4+ Kc8) 27. Qd3+ {[%emt 0:00:06] White mates.} Kc8 28. Rd1 Nxg3 29. Qd7# {[%emt 0:00:49] Weighted Error Value: White=0.40/Black=0.58.  Mistake:       	White=2     	Black=5      Inaccurate:     	White=3     	Black=1      OK:         	White=3     	Black=8      Best:        	White=4     	Black=1} 1-0

[Event "EIBCC 2024"]
[Site "Skopje"]
[Date "2024.12.09"]
[Round "3.6"]
[White "Stankovic, Milos"]
[Black "Jobava, Baadur"]
[Result "0-1"]
[Annotator "TA"]
[ECO "B13"]
[WhiteElo "2462"]
[BlackElo "2578"]
[PlyCount "99"]
[EventDate "2024.12.07"]
[EventCountry "MKD"]
[SourceTitle "playchess.com"]
[Source "ChessBase"]
[SourceQuality "1"]
[TimeControl "180+2"]

1. d4 d5 2. Nf3 Nf6 3. Bf4 c5 4. e3 cxd4 5. exd4 Nc6 6. Nbd2 {[%emt 0:00:08] B13: Caro-Kann: Exchange Variation and Panov-Botvinnik Attack.} Bf5 7. c3 e6 8. Qb3 Qb6 9. Qxb6 axb6 10. Bb5 Nd7 11. O-O f6 12. Rfe1 g5 13. Bg3 h5 14. c4 $146 ({Predecessor:} 14. h3 Kf7 15. a3 Bh6 16. Re2 g4 17. hxg4 hxg4 18. Ne1 Bg5 19. Bd3 Ne7 20. Nf1 {0-1 Leiva Rodriguez,J (2366)-Jobava,B (2578) Titled Tuesday intern op 08th Nov Late blitz 2022 (9)}) 14... Kf7 (14... Na7 $5 15. cxd5 Nxb5 16. dxe6 h4 17. exd7+ Kf7 $14) 15. cxd5 exd5 16. h3 $1 Bb4 17. a3 ({Better is} 17. Red1 $15) 17... Bxd2 $17 18. Nxd2 Nxd4 19. Bxd7 Bxd7 20. Rad1 {[%emt 0:00:07] [#]} (20. Bd6 $17 Rhe8 21. Rad1) 20... Ba4 (20... Nc2 $1 $19 {is more deadly.} 21. Re2 Bb5) 21. b3 $17 Nxb3 22. Nxb3 Bxb3 23. Rb1 Ba4 (23... Rxa3 24. Bd6 Rha8 25. Re7+ Kg6 26. Bxa3 Rxa3 27. Re3 $16 (27. Rxb7 d4 $16)) 24. Rxb6 Bc6 25. Bd6 Rhe8 26. Rbb1 h4 27. Bc5 Kg6 28. f3 Re5 (28... Rxe1+ {simplifies} 29. Rxe1 Rc8 30. Bd4 Bd7) 29. Kf2 Kf5 30. Rb3 Ra4 31. Rd3 Rc4 32. Bb4 (32. Be3 $142) 32... d4 $17 33. Red1 Rd5 34. R1d2 Bb5 35. Rb3 (35. Bc3 $17) 35... Ba4 36. Rbb2 d3 37. Be7 b5 38. Bb4 (38. Rb1 $17) 38... Bc2 39. Ba5 Re5 40. Bb4 $2 (40. Kf1 {is a better defense.}) 40... Rc6 $19 41. Ba5 Rce6 42. Bb4 Re2+ 43. Kf1 Re1+ 44. Kf2 R6e2+ 45. Rxe2 Rxe2+ 46. Kf1 (46. Kg1 $142) 46... d2 $19 47. Bxd2 Rxd2 48. Rxb5+ Kf4 49. Rb6 f5 (49... Bd3+ $142 50. Ke1 Rxg2 51. Rxf6+ Bf5 52. Rf8 Rg3 53. Rd8 Rxh3 (53... Kxf3 $2 54. Kd1 $19) (53... Rxf3 $2 54. Rf8 $19) (53... Bxh3 $2 54. Ke2 $19) 54. Rh8 Rxf3 (54... Kxf3 $2 55. Kd1 $19) 55. Kd2 Rxa3 56. Rd8 Rd3+ 57. Rxd3 Bxd3 58. Kxd3 h3 59. Kd4 g4 (59... h2 {leads to mate.} 60. Kc5 g4 61. Kd6 g3 62. Kc5 h1=Q 63. Kc4 Qc6+ 64. Kd4 g2 65. Kd3 g1=Q 66. Kd2 Qf2+ 67. Kd3 Qe3#) 60. Kc5 g3 (60... h2 {gets mated.} 61. Kd4 g3 62. Kd5 g2 63. Kd6 g1=Q 64. Ke7 h1=Q 65. Kf7 Qd5+ 66. Kf8 Qgg8+ 67. Ke7 Qgf7#) 61. Kd6 h2 62. Ke7 h1=Q (62... h1=R {is a self mate.} 63. Ke6 g2 64. Kd6 g1=Q 65. Kd5 Qb6 66. Kc4 Rc1+ 67. Kd5 Qc6+ 68. Kd4 Qe4#) 63. Ke6 g2 64. Kf6 g1=Q (64... g1=R 65. Kf7 Ke5 66. Ke8 Rg8+ 67. Kf7 Qh7#) 65. Kf7 Qd5+ 66. Kf8 Qgg8+ 67. Ke7 Qgf7#) 50. Kg1 0-1

[Event "EIBCC 2024"]
[Site "Skopje"]
[Date "2024.12.09"]
[Round "3.7"]
[White "Santos Latasa, Jaime"]
[Black "Vuckovic, Zarko"]
[Result "1-0"]
[Annotator "TA"]
[ECO "A13"]
[WhiteElo "2628"]
[BlackElo "2334"]
[PlyCount "41"]
[EventDate "2024.12.07"]
[EventCountry "MKD"]
[SourceTitle "playchess.com"]
[Source "ChessBase"]
[SourceQuality "1"]
[TimeControl "180+2"]

1. Nf3 d5 2. e3 Nf6 3. c4 e6 4. Nc3 Be7 5. b3 O-O 6. Bb2 c5 7. cxd5 Nxd5 8. Qc2 Nc6 9. h4 Nf6 10. a3 {[%emt 0:00:08] The position is equal.} e5 11. Bc4 a6 (11... g6 $5) 12. Ng5 h6 $2 (12... g6 $11) 13. Nd5 {[%emt 0:00:06] Intending Nxf6+ and mate.} e4 (13... Nxd5 14. Qh7#) (13... hxg5 $2 14. hxg5 $18) 14. Nxf6+ Bxf6 {[%emt 0:00:01] [#]} 15. Qxe4 $1 Bxg5 (15... Bxb2 16. Qh7#) (15... hxg5 $2 16. hxg5 $18) 16. hxg5 $40 {[%emt 0:00:01][%mdl 128] White has strong attack.} Qxg5 17. Bd3 {[%emt 0:00:14] White is more active. A strong pair of Bishops.} g6 $2 (17... f5 $16 {was worth a try.} 18. Qd5+ Kh7) 18. f4 $2 (18. g4 $18 {is the precise move to win.} Rd8 (18... Bxg4 $2 {too greedy.} 19. f4 $18) 19. O-O-O) 18... Qg3+ $16 19. Kf1 h5 {[%emt 0:00:12][%mdl 8192] [#]} (19... Bf5 $16 20. Rxh6 f6) 20. Rxh5 $3 $18 f6 {[%emt 0:00:03] [#]} (20... Nd4 21. Rg5) 21. Rg5 $3 {[%emt 0:00:10][%mdl 512] Weighted Error Value: White=0.31/Black=0.97.  Loses game:     	---       	Black=3      Missed win:     	White=1     	---        Inaccurate:     	White=3     	Black=3      OK:         	White=2     	Black=1      Best:        	---       	Black=3      Strong:       	White=1     	---        Brilliant:      	White=1     	---} 1-0

[Event "EIBCC 2024"]
[Site "Skopje"]
[Date "2024.12.09"]
[Round "3.8"]
[White "Nikolovski, Nikola"]
[Black "Van Foreest, Jorden"]
[Result "0-1"]
[Annotator "TA"]
[ECO "C49"]
[WhiteElo "2407"]
[BlackElo "2677"]
[PlyCount "100"]
[EventDate "2024.12.07"]
[EventCountry "MKD"]
[SourceTitle "playchess.com"]
[Source "ChessBase"]
[SourceQuality "1"]
[TimeControl "180+2"]

1. e4 e5 2. Nf3 Nc6 3. Nc3 Nf6 4. Bb5 Bb4 5. O-O O-O 6. Bxc6 dxc6 7. d3 Nd7 {[%emt 0:00:02] C49: Four Knights: 4 Bb5 Bb4.} 8. Ne2 a5 $5 {[%emt 0:00:02][%mdl 4] Exploring less charted territory.} 9. Ng3 Re8 10. Kh1 Nf8 11. h3 $146 ({Predecessor:} 11. a4 Bd6 12. b3 c5 13. Bb2 f6 14. Nd2 Ne6 15. Nc4 Bf8 16. Ne2 Nd4 17. f4 {1-0 Bocharov,I (2571)-Obgolts,E (2434) Khanty-Mansiysk Governor Cup 18th 2022 (4)}) 11... Ng6 12. Nh5 a4 13. a3 Bd6 14. Nh2 Qh4 15. Ng3 Qd8 16. Nh5 c5 (16... b5 {is interesting.} 17. Qf3 Qh4 18. Re1 Ne7) 17. f4 exf4 18. Nxf4 c4 19. Qf3 Qf6 20. dxc4 (20. Nxg6 $15 Qxf3 (20... fxg6 21. Qxf6 gxf6 22. Rxf6 $15) (20... Qxg6 21. Bf4 $17) (20... hxg6 21. Qxf6 gxf6 22. Rxf6 $15) 21. Nxf3 hxg6 (21... fxg6 22. e5 $15) 22. e5) 20... Nxf4 21. Bxf4 Qxf4 22. Qxf4 Bxf4 23. Rxf4 Be6 (23... g5 $15 24. Rf6 Rxe4) 24. e5 $11 Red8 25. Nf3 h6 26. h4 Ra6 27. Kg1 Rc6 28. b3 Rc5 29. Re1 Ra8 30. Ra1 (30. Nd4 $14 Bd7 31. e6 fxe6 32. Nxe6 Bxe6 33. Rxe6) 30... Rd8 $11 31. Re1 Kf8 $2 (31... Ra8 $11) 32. Kf2 (32. bxa4 Rxc4 (32... Bxc4 33. e6 $11) 33. Rxc4 Bxc4 $17) (32. Nd4 $18 {and White stays clearly on top.} Ke7 33. b4 (33. bxa4 Bxc4 34. h5 Be6 $11)) 32... Ke7 33. Ke2 $2 {[%emt 0:00:09] [#]} (33. bxa4 Ra8 34. Rb1 Rxa4 35. Rxb7 Raxc4 36. Rxc4 Rxc4 $17) (33. Nd4 $14 {stays ahead.}) 33... b5 (33... g5 $1 $17 34. hxg5 hxg5) 34. bxa4 Bxc4+ 35. Kf2 bxa4 36. Nd4 Be6 37. Re2 Rc3 (37... Rdd5 $15) 38. Re3 $11 Rc4 39. c3 Rc5 40. Kf3 Bd5+ 41. Kg3 Be6 42. Kf3 Rb8 43. g4 (43. Nxe6 $11 Kxe6 44. Rg4) 43... Rb2 (43... g5 $15 44. Rf6 Bd5+ 45. Ke2 (45. Kg3 Rb3 $15) 45... Rb2+ (45... gxh4 46. Rxh6 Rb2+ 47. Kd1 $15) 46. Kd1 Rb1+ (46... gxh4 47. Rxh6 Ra2 48. Rh7 $15) 47. Kd2 gxh4 48. Rxh6 Rb2+ 49. Kd1 Rh2) 44. g5 $2 (44. Nxe6 $11 {and White has nothing to worry.} Kxe6 45. Rxa4) 44... hxg5 $19 45. hxg5 Ra2 (45... Bd5+ $17 46. Kg4 g6) 46. Ke4 $2 (46. Nxe6 $11 Kxe6 47. g6 fxg6 48. Rxa4) 46... Bd5+ $19 (46... Rxa3 47. Nxe6 fxe6 (47... Kxe6 48. Kd4 $17) 48. Kd4 Rd5+ 49. Ke4 $15) 47. Kf5 $2 (47. Kd3 Rxa3 48. Ne2) 47... Rg2 48. Rg4 (48. Rh4 $142) 48... Be6+ $19 49. Nxe6 fxe6+ 50. Kf4 Rc4+ 0-1

[Event "EIBCC 2024"]
[Site "Skopje"]
[Date "2024.12.09"]
[Round "3.9"]
[White "Fressinet, Laurent"]
[Black "Arnaudov, G. Petar"]
[Result "0-1"]
[Annotator "TA"]
[ECO "E06"]
[WhiteElo "2588"]
[BlackElo "2401"]
[PlyCount "68"]
[EventDate "2024.12.07"]
[EventCountry "MKD"]
[SourceTitle "playchess.com"]
[Source "ChessBase"]
[SourceQuality "1"]
[TimeControl "180+2"]

1. Nf3 Nf6 2. g3 d5 3. Bg2 e6 4. d4 Be7 5. c4 O-O 6. Qc2 a5 7. O-O Nbd7 8. Nbd2 c5 {[%emt 0:00:08] The position is equal.} 9. cxd5 exd5 10. b3 b6 11. Bb2 Ba6 12. Ne5 Rc8 {[%emt 0:00:06] Repels Nc6} 13. Ndf3 cxd4 14. Qd1 ({White should play} 14. Nc6 $11) 14... Nc5 (14... Bb4 $15 15. Nd3 Bxd3 16. Qxd3 Nc5 (16... Bc3 17. Bxc3 dxc3 18. Rfc1 $15) 17. Qxd4 Nce4) 15. Nxd4 $11 Bd6 16. Nef3 (16. Nf5 {keeps more tension.} Re8 17. Nxd6 Qxd6 18. Nc4) 16... Re8 17. Re1 Nce4 18. a3 (18. Bh3 $1 $15) 18... Ng4 $36 {[%emt 0:00:38][%mdl 2048] Black has strong initiative.} 19. Rf1 Nc3 {[%emt 0:00:06] Black is much more active.} (19... Bc5 $17 {[%cal Og4f2] aiming for ...Ngxf2!} 20. Rb1 Ngxf2 21. Rxf2 Nxf2 22. Kxf2 Rxe2+ (22... Bxe2 23. Qd2 $15) 23. Kg1 Qe8) 20. Bxc3 $11 Rxc3 21. Qd2 Rc7 22. Rfe1 Nf6 23. Nf5 Bf8 24. N3d4 (24. Qb2 $11 {keeps the balance.}) 24... Ne4 $17 25. Qf4 g6 26. Nh6+ Bxh6 ({Black should try} 26... Kg7 $17 {...Bd6 would now be deadly.} 27. Rad1 Bd6 (27... Bxa3 $2 {is the wrong capture.} 28. Ndf5+ gxf5 29. Nxf5+ Kh8 30. Bxe4 $18) 28. Ndf5+ gxf5 29. Nxf5+ Kh8) 27. Qxh6 $11 Qf6 28. Qe3 {[%emt 0:00:14][%mdl 8192] [#] Loses the game.} (28. Bxe4 $1 $11 Qxd4 29. Bf3) 28... Rc3 $19 {[%emt 0:00:02] Black is clearly winning.} 29. Qf4 Qxd4 30. Rad1 Qe5 31. Qh4 Qf6 32. Qxf6 Nxf6 33. b4 Bxe2 34. Rd2 Bc4 {[%emt 0:00:02] Weighted Error Value: White=0.63/Black=0.42.  Loses game:     	White=1     	---        Mistake:       	White=3     	Black=3      Inaccurate:     	White=4     	Black=1      OK:         	White=7     	Black=11     Best:        	White=1     	Black=4} 0-1